 Dungeon Crawl Stone Soup version 0.29.1-15-g9cfb28693d (webtiles) character file.

Game seed: 9076023132924510873

618 H0rd4k the Insei (level 7, -2/48 HPs)
             Began as an Octopode Artificer on Mar 20, 2023.
             Slain by a gnoll
             ... wielding a +0 club
              (6 damage)
             ... on level 5 of the Dungeon.
             The game lasted 00:03:11 (5488 turns).

H0rd4k the Insei (Octopode Artificer)               Turns: 5488, Time: 00:03:11

Health: -2/48      AC:  1    Str: 12    XL:     7   Next: 45%
Magic:  12/12      EV: 13    Int: 15    God:
Gold:   281        SH:  0    Dex: 12    Spells: 13/13 levels left

rFire   . . .      SeeInvis .     - Unarmed
rCold   + . .      Faith    .   (no shield)
rNeg    . . .      Spirit   .   (helmet restricted)
rPois   .          Reflect  .   (no amulet)
rElec   .          Harm     .   x - ring of protection from cold
rCorr   .          Rampage  .   (no ring)
Will    .....                   (no ring)
Stlth   +++.......              (no ring)
HPRegen 0.16/turn               (no ring)
MPRegen 0.13/turn               (no ring)
                                (no ring)
                                (no ring)

@: no status effects
A: almost no armour, amphibious, 8 rings, camouflage 1, gelatinous body 1,
(nimble swimmer 1), tentacles
a: no special abilities


You were on level 5 of the Dungeon.
You visited 1 branch of the dungeon, and saw 5 of its levels.

You collected 281 gold pieces.

Inventory:

Missiles
 i - 6 throwing nets
Armour
 w - an orb of wrath
Jewellery
 x - a ring of protection from cold (left tentacle)
Wands
 b - a wand of flame (26) (quivered)
 c - a wand of charming (3)
 d - a wand of iceblast (23)
Scrolls
 a - 3 scrolls of blinking {unknown}
 g - 3 scrolls of amnesia {unknown}
 j - 3 scrolls of silence {unknown}
 k - a scroll of magic mapping {unknown}
 m - 6 scrolls of identify {unknown}
 n - a scroll of summoning {unknown}
 o - 3 scrolls of fear {unknown}
 s - 3 scrolls of poison {unknown}
 t - a scroll of immolation {unknown}
 y - a scroll of teleportation {unknown}
Potions
 e - a potion of resistance {unknown}
 f - 4 potions of curing {unknown}
 h - 2 potions of heal wounds {unknown}
 l - a potion of degeneration {unknown}
 p - a potion of invisibility {unknown}
 q - 2 potions of flight {unknown}
 r - a potion of might {unknown}
 u - a potion of magic {unknown}
 v - a potion of lignification {unknown}


   Skills:
 * Level 4.2 Fighting
 - Level 2.3 Dodging
 - Level 1.3 Stealth
 + Level 4.7 Unarmed Combat
 * Level 3.7 Spellcasting
 - Level 3.2 Evocations


You had 13 spell levels left.
You didn't know any spells.
Your spell library contained the following spells:

 Spells                   Type           Power      Damage    Failure   Level
 Apportation              Tloc           4%         N/A       19%         1
 Alistair's Intoxication  Tmut/Pois      1%         N/A       99%         5


Dungeon Overview and Level Annotations

Branches:
Dungeon (5/15)
 Temple: D:4-7

Altars:
Nemelex Xobeh
Qazlal

Annotations:
D:3 2 runed translucent doors, exclusions: 2 doors and downstairs, vampirul's ghost, amateur DsFi
D:5 Duvessa


Innate Abilities, Weirdness & Mutations

You cannot wear most types of armour.
You are amphibious.
You can wear up to eight rings at the same time.
Your skin changes colour to match your surroundings (Stealth+).
Your rubbery body absorbs attacks. (AC +1, EV +1)
((You are camouflaged when in or above water. (Stealth+)))
You have tentacles for arms and can constrict up to eight enemies at once.


Message History

Orders for allies: a - Attack new target. p - Attack previous target. r - Retreat! s - Stop attacking. g - Guard the area. f - Follow me.
Anything else - Cancel.
Guard this area!
Your scorpion stings the ogre.
The ogre closely misses your scorpion. The gnoll hits you with a +0 club.
* * * LOW HITPOINT WARNING * * *
Your scorpion stings the ogre.
Found a fuming grey potion.
You hear a shout! x2
The gnoll hits your scorpion with a +0 spear.
Your scorpion stings the ogre.
Your scorpion stings the ogre.
The ogre is poisoned.
Your scorpion poisons the ogre!
The gnoll attacks as you move away! The gnoll closely misses you.
The ogre hits your scorpion with a +0 giant spiked club!!
Your scorpion dies!
Found a scroll labelled UDONLYDGHIO.
The gnoll attacks as you move away! The gnoll closely misses you.
You hear a shout!
The gnoll attacks as you move away! The gnoll hits you with a +0 club.
* * * LOW HITPOINT WARNING * * *
You hear a shout!
You hear a shout!
You hear a shout!
Aiming: Charm
Press: ? - help, Shift-Dir - straight line, f - gnoll
Aim: a gnoll, wielding a +0 club (chance to affect: 66%)
The gnoll struggles to resist.
The gnoll hits you with a +0 club.
* * * LOW HITPOINT WARNING * * *
Unknown command.
Aiming: Charm
Press: ? - help, Shift-Dir - straight line, f/p - gnoll
Aim: a gnoll, wielding a +0 club (chance to affect: 66%)
The gnoll struggles to resist.
The ogre dies!
The gnoll hits you from afar with a +0 spear.
* * * LOW HITPOINT WARNING * * *
The gnoll hits you with a +0 club.
You die...

###. !..#.. ###
......# ##@#
......## ##g##
.......### ##g.#
......!..##
#..##
..........###)##
.........O....#
...........#..#
..........###.#
.........## ##.#


You could see 2 gnolls.

Vanquished Creatures
  Menkaure (D:4)
  A necrophage (D:5)
  2 orc priests (D:4)
  2 iguanas (D:4)
  Natasha (thrice) (D:2)
  4 gnolls (D:2)
  3 adders
  A shadow imp (D:5)
  An ufetubus (D:5)
  3 worms
  2 dart slugs
  3 orcs
  8 ball pythons
  3 bats
  5 endoplasms
  10 giant cockroaches
  8 goblins
  4 hobgoblins
  A quokka (D:3)
  3 frilled lizards
  5 kobolds
  3 rats
76 creatures vanquished.

Vanquished Creatures (collateral kills)
  An ogre (D:5)
  Dowan (D:5)
2 creatures vanquished.

Vanquished Creatures (others)
  A phantom (D:5)
  A scorpion (D:5)
  An orc (D:4)
  8 plants (D:2)
11 creatures vanquished.

Grand Total: 89 creatures vanquished

Notes
Turn   | Place    | Note
-------+----------+-------------------------------------------
     0 | D:1      | H0rd4k the Octopode Artificer began the quest for the Orb.
     0 | D:1      | Reached XP level 1. HP: 13/13 MP: 1/1
   113 | D:1      | Reached skill level 1 in Spellcasting
   302 | D:1      | Reached XP level 2. HP: 7/18 MP: 3/3
   870 | D:1      | Found a faded altar of an unknown god.
  1178 | D:2      | Reached XP level 3. HP: 24/24 MP: 5/5
  1192 | D:2      | Noticed Natasha
  1193 | D:2      | Reached skill level 1 in Unarmed Combat
  1193 | D:2      | Reached XP level 4. HP: 17/30 MP: 5/7
  1201 | D:2      | Killed Natasha
  1881 | D:2      | Noticed Natasha
  1894 | D:2      | Killed Natasha
  1895 | D:2      | Reached XP level 5. HP: 16/36 MP: 8/8
  2144 | D:2      | Noticed Natasha
  2153 | D:2      | Killed Natasha
  2333 | D:3      | Found a large runed translucent door.
  2333 | D:3      | Found a large runed translucent door.
  2671 | D:3      | Noticed vampirul's ghost (amateur DsFi)
  3316 | D:3      | Found a sparkling altar of Nemelex Xobeh.
  3742 | D:4      | Reached XP level 6. HP: 27/42 MP: 10/10
  3904 | D:4      | Noticed Menkaure
  3912 | D:4      | Killed Menkaure
  4553 | D:4      | Reached XP level 7. HP: 30/47 MP: 12/12
  5056 | D:5      | Entered Level 5 of the Dungeon
  5435 | D:5      | Noticed Duvessa
  5435 | D:5      | Noticed Dowan
  5454 | D:5      | Killed Dowan
  5469 | D:5      | Found a stormy altar of Qazlal.
  5488 | D:5      | Slain by a gnoll

Illustrated notes

Levels and vault maps discovered:
D:1:      evilmike_arrival_hilbert_curve, layout_basic,
          shapermc_ecumenical_altar_mp_ritualfount, minmay_tetromino_t2
D:2:      layout_rooms, serial_forest, infiniplex_forest_lined_room_3,
          infiniplex_forest_zigzag_1, infiniplex_forest_end_2,
          infiniplex_forest_clump_small, infiniplex_forest_clump_large,
          infiniplex_forest_side_room, infiniplex_forest_lined_room_2,
          nicolae_elevator_lobby_plus, uniq_natasha
D:3:      layout_rooms, nemelex_dance_club_becter, ebering_ghost_disaster_area
D:4:      layout_loops_ring, minmay_misc_feat_ornament, grunt_decor_one_mirror,
          uniq_menkaure
D:5:      layout_cave_pods, minitemple, kennysheep_boxes, uniq_edmund,
          uniq_duvessa

Skill      XL: |  1  2  3  4  5  6  7 |
---------------+----------------------+-----
Spellcasting   | 1 2 3 |  3.7
Fighting       | 2 3 4 |  4.2
Unarmed Combat | 1 2 3 4 |  4.7
Dodging        | |  2.3
Stealth        | |  1.3
Evocations     | |  3.2

Action                   |  1- 3 |  4- 6 |  7- 9 || total
-------------------------+-------+-------+-------++-------
Melee: Unarmed           |    49 |   129 |    33 ||   211
       Constrict         |    18 |    32 |     8 ||    58
       Tentacles         |     8 |    35 |    11 ||    54
       Punch             |       |     5 |     1 ||     6
Evoke: Wand              |     3 |    12 |    16 ||    31
 Stab: Sleeping          |     3 |     7 |     1 ||    11
       Distracted        |       |       |     1 ||     1
Armor: Skin              |     9 |     4 |     3 ||    16
Dodge: Dodged            |    56 |    43 |    44 ||   143
